 Dungeon Crawl Stone Soup version 0.19.0-19-g8c6edcc (webtiles) character file.

1505 lorenzova the Fighter (level 8, -5/74 HPs)
             Began as a Minotaur Berserker on Nov 12, 2016.
             Was an Elder of Trog.
             Killed from afar by an electric eel (10 damage)
             ... with a bolt of electricity
             ... on level 6 of the Dungeon.
             The game lasted 00:08:49 (4523 turns).

lorenzova the Fighter (Minotaur Berserker)          Turns: 4523, Time: 00:08:49

Health: -5/74      AC:  8    Str: 23      XL:     8   Next: 52%
Magic:  7/7        EV: 13    Int:  4      God:    Trog [****..]
Gold:   258        SH:  0    Dex:  9 (11) Spells: 0 memorised, 7 levels left

rFire  . . .     SeeInvis .     I - +0 war axe (freeze)
rCold  . . .     Gourm    .     n - +0 scale mail
rNeg   + . .     Faith    .     (no shield)
rPois  .         Spirit   .     (helmet restricted)
rElec  .         Reflect  .     (no cloak)
rCorr  .         Harm     .     (no gloves)
MR     .....                    (no boots)
Stlth  ..........               (no amulet)
                                (no ring)
                                B - ring of positive energy

@: no status effects
A: retaliatory headbutt, horns 2
a: Berserk, Trog's Hand, Brothers in Arms, Burn Spellbooks, Renounce Religion


You were on level 6 of the Dungeon.
You worshipped Trog.
Trog was greatly pleased with you.
You were very hungry.

You visited 1 branch of the dungeon, and saw 6 of its levels.
You also visited: Sewer.

You collected 354 gold pieces.
You spent 96 gold pieces at shops.

Inventory:

Hand Weapons
 a - a +0 hand axe
 p - a +1 hand axe of draining
 I - a +0 war axe of freezing (weapon)
Armour
 b - a +0 animal skin
 d - a +0 ring mail
 n - a +0 scale mail (worn)
Jewellery
 B - a ring of positive energy (left hand)
 J - a cursed amulet of inaccuracy {unknown}
Wands
 r - a wand of flame (33/48)
 v - a wand of hasting (5/9)
Scrolls
 h - 6 scrolls of identify {unknown}
 i - a scroll of recharging {unknown}
 l - 2 scrolls of remove curse {unknown}
 m - 3 scrolls of amnesia {unknown}
 q - 2 scrolls of magic mapping {unknown}
 y - a scroll of enchant armour {unknown}
 C - a scroll of teleportation {unknown}
 D - a scroll of blinking {unknown}
 G - a scroll of random uselessness {unknown}
Potions
 e - a potion of haste
 j - 5 potions of flight
 k - 3 potions of brilliance {unknown}
 o - 3 potions of mutation {unknown}
 s - a potion of heal wounds
 t - 3 potions of curing
 z - a potion of resistance
 A - 3 potions of agility {unknown}
 E - 2 potions of invisibility {unknown}
 F - a potion of might {unknown}
 H - a potion of degeneration {unknown}
Books
 x - a Young Poisoner's Handbook

   Spells                             Type                      Level
   a - Sting                          Conjuration/Poison           1
   b - Mephitic Cloud                 Conjuration/Poison/Air       3
   c - Olgreb's Toxic Radiance        Poison                       4
   d - Alistair's Intoxication        Transmutation/Poison         5
   e - Venom Bolt                     Conjuration/Poison           5
   Trog disapproves of the use of such an item.
Comestibles
 c - 5 bread rations
 f - a slice of pizza
 g - 3 meat rations
 u - 4 fruits
 w - a beef jerky


   Skills:
 + Level 8.2 Fighting
 - Level 3.6 Axes
 + Level 7.6 Armour
 + Level 7.2 Dodging


You had 7 spell levels left.
You didn't know any spells.

Dungeon Overview and Level Annotations

Branches:
Dungeon (6/15)             Temple (0/1) D:5

Altars:
Uskayaw
Yredelemnul
Zin
The Shining One

Shops:
D:4 (![[(


Innate Abilities, Weirdness & Mutations

You reflexively headbutt those who attack you in melee.
You have a pair of horns on your head.


Message History

The bolt of electricity hits you! The bolt of electricity misses you.
The electric eel moves out of view.
You closely miss the electric eel. Your headbutt misses the electric eel.
You closely miss the electric eel.
The electric eel shoots out a bolt of lightning at you!
The bolt of electricity hits you! x2
You barely miss the electric eel. Your headbutt misses the electric eel.
The electric eel shoots out a bolt of lightning at you!
The bolt of electricity hits you! x2
The electric eel shoots out a bolt of lightning at you!
The bolt of electricity hits you!
* * * LOW HITPOINT WARNING * * *
The electric eel shoots out a bolt of lightning at you!
The bolt of electricity hits you!
* * * LOW HITPOINT WARNING * * *
The electric eel shoots out a bolt of lightning at you!
The bolt of electricity misses you.
The electric eel shoots out a bolt of lightning at you!
The bolt of electricity hits you!
You die...

##.# ≈≈. #≈;≈w≈≈≈≈≈≈≈#
≈≈≈≈≈≈≈≈≈≈≈≈≈#
#≈≈≈≈≈≈≈≈≈#≈≈.
≈≈≈≈#≈#≈##;≈≈≈##
≈;.≈#≈≈≈#≈≈≈≈#≈# ≈[≈≈≈
..≈.⌠.≈≈≈## ≈$..o
<.....≈;..########## ≈.@≈
.≈≈.≈≈≈≈.@........# ≈≈≈
≈≈≈≈≈≈≈≈.########.#
≈#≈≈≈≈≈≈≈≈≈≈≈≈#.# #.#
≈≈≈#≈≈≈≈≈≈≈≈≈.#.# #.#
≈≈≈≈≈≈≈≈#≈≈≈#...########.#
#≈≈≈≈≈≈≈≈≈≈≈....#........#
##.≈≈≈≈≈≈≈.####.#.########
#.#.≈≈.≈≈##.#...#.#
#...#..#....#####.#


You could see 2 electric eels.

Vanquished Creatures
  Eustachio (D:5)
  Edmund (D:6)
  An ice beast (D:5)
  2 sky beasts (D:5)
  2 ogres
  A centaur (D:5)
  Blork the orc (D:5)
  A bullfrog (D:6)
  A scorpion (D:4)
  A howler monkey (D:5)
  A crimson imp (D:4)
  A quasit (D:6)
  2 orc priests
  A hound (D:4)
  An orc wizard (D:4)
  A centaur skeleton (D:4)
  An iguana (D:5)
  A worker ant (D:6)
  A hound skeleton (D:6)
  3 gnolls (D:2)
  2 adders
  6 oozes
  4 worms
  6 dart slugs (D:6)
  3 leopard geckos
  17 orcs
  4 giant cockroaches
  2 gnoll zombies (D:2)
  8 goblins
  7 hobgoblins
  6 jackals
  3 quokkas
  2 ball pythons
  15 bats
  7 frilled lizards
  A jackal skeleton (D:6)
  4 kobolds
  6 rats
128 creatures vanquished.

Vanquished Creatures (others)
  9 fungi (D:5)
9 creatures vanquished.

Grand Total: 137 creatures vanquished

Notes
Turn   | Place    | Note
-------+----------+-------------------------------------------
     0 | D:1      | lorenzova the Minotaur Berserker began the quest for the Orb.
     0 | D:1      | Reached XP level 1. HP: 19/19 MP: 0/0
   225 | D:1      | You fall through a shaft!
   227 | D:2      | Found a basalt altar of Yredelemnul.
   234 | D:2      | Reached XP level 2. HP: 24/27 MP: 1/1
   312 | D:1      | Reached skill level 4 in Fighting
   909 | D:2      | Reached XP level 3. HP: 4/33 MP: 2/2
  1233 | D:2      | Found a basalt altar of Yredelemnul.
  1268 | D:2      | Reached ** piety under Trog
  1385 | D:3      | Found a hide-covered altar of Uskayaw.
  1464 | D:3      | Reached XP level 4. HP: 38/41 MP: 3/3
  1788 | D:4      | Noticed an ogre
  1792 | D:4      | Killed an ogre
  1792 | D:4      | Reached skill level 5 in Fighting
  1792 | D:4      | Reached XP level 5. HP: 35/48 MP: 4/4
  1820 | D:4      | Reached XP level 6. HP: 28/56 MP: 5/5
  1960 | D:4      | Found Jiqu's Antique Weapon Emporium.
  2101 | D:4      | Found a glowing golden altar of the Shining One.
  2174 | D:4      | Found Xirouwn's Distillery.
  2177 | D:4      | Bought a potion of heal wounds for 60 gold pieces
  2177 | D:4      | Bought a potion of curing for 36 gold pieces
  2223 | D:4      | Found Olares's Armour Emporium.
  2227 | D:4      | Found Kitiac's Antique Weapon Shoppe.
  2310 | D:4      | Found Kehosim's Antique Armour Emporium.
  2483 | D:5      | Entered Level 5 of the Dungeon
  2491 | D:5      | Reached skill level 5 in Armour
  2491 | D:5      | Reached skill level 5 in Dodging
  2498 | D:5      | Noticed Eustachio
  2512 | D:5      | Killed Eustachio
  2512 | D:5      | Reached *** piety under Trog
  2512 | D:5      | Reached skill level 6 in Fighting
  2512 | D:5      | Reached XP level 7. HP: 63/63 MP: 6/6
  2620 | D:5      | Found a staircase to the Ecumenical Temple.
  2859 | D:5      | Reached skill level 7 in Fighting
  2902 | D:5      | Noticed Blork the orc
  2905 | D:5      | Killed Blork the orc
  3044 | D:5      | Reached XP level 8. HP: 50/73 MP: 7/7
  3147 | D:5      | Found a glowing silver altar of Zin.
  3797 | D:6      | Found a glowing drain.
  3821 | Sewer    | Entered a sewer
  3841 | Sewer    | Reached **** piety under Trog
  4358 | D:6      | Noticed Edmund
  4381 | D:6      | Killed Edmund
  4381 | D:6      | Reached skill level 8 in Fighting
  4381 | D:6      | Paralysed by fainting for 6 turns
  4523 | D:6      | Killed from afar by an electric eel

Skill      XL: |  1  2  3  4  5  6  7  8 |
---------------+-------------------------+-----
Fighting       | 4 5 6 7 8 |  8.2
Dodging        | 3 4 5 6 7 |  7.2
Armour         | 3 4 5 6 7 |  7.6
Axes           | |  3.6

Action                   |  1- 3 |  4- 6 |  7- 9 || total
-------------------------+-------+-------+-------++-------
Melee: Hand axe          |    72 |    96 |   148 ||   316
       Headbutt          |    10 |    14 |    21 ||    45
       War axe           |       |       |     6 ||     6
Invok: Berserk           |     1 |     1 |     2 ||     4
       Trog's Hand       |       |       |     1 ||     1
  Use: Potion            |       |       |     2 ||     2
  Eat: Chunk             |     2 |     3 |    10 ||    15
Armor: Animal skin       |    13 |       |       ||    13
       Ring mail         |     9 |     8 |       ||    17
       Scale mail        |       |    21 |    64 ||    85
Dodge: Dodged            |    56 |    50 |   118 ||   224
